 Dungeon Crawl Stone Soup version 0.31-a0-1327-g8c40ea976f (webtiles) character file.

Game seed: 6660877468362174805

19 Amplified the Chiller (level 2, 0/34 HPs)
             Began as a Demigod Ice Elementalist on Dec 21, 2023.
             Frozen to death by an endoplasm (2 damage)
             ... on level 1 of the Dungeon.
             The game lasted 00:01:30 (852 turns).

Amplified the Chiller (Demigod Ice Elementalist)     Turns: 852, Time: 00:01:31

Health: 0/34       AC: 21    Str:  6 (9)  XL:     2   Next: 39%
Magic:  1/7        EV:  2    Int: 14 (17) God:
Gold:   51         SH:  0    Dex: 13 (14) Spells: 3/4 levels left

rFire   . . .        c - +0 whip
rCold   . . .        (no shield)
rNeg    . . .        d - melded +0 chain mail
rPois   +            (helmet currently unavailable)
rElec   .            (cloak currently unavailable)
rCorr   .            (gloves currently unavailable)
SInv    .            (boots currently unavailable)
Will    .....        (no amulet)
Stlth   +            (no ring)
HPRegen 0.25/turn    (no ring)
MPRegen 0.10/turn

%: no passive effects
@: tree-form, contaminated, glowing
A: stationary, stasis, torment immunity, boosted hp, high MP 1, forlorn, divine
attributes
a: no special abilities


You were on level 1 of the Dungeon.
You were a tree.
You visited 1 branch of the dungeon, and saw 2 of its levels.

You collected 51 gold pieces.

Inventory:

Hand Weapons
 c - a +0 whip (weapon)
Armour
 d - a +0 chain mail (melded)
Scrolls
 e - a scroll of teleportation {unknown}
 f - a scroll of enchant weapon {unknown}
 h - 2 scrolls of amnesia {unknown}
Potions
 b - a potion of magic
 g - a potion of degeneration


   Skills:
 * Level 1.1 Fighting
 * Level 0.3(0.6) Axes
 - Level 0.6(0.7) Maces & Flails
 * Level 1.0 Armour
 - Level 1.7 Dodging
 - Level 1.7 Stealth
 - Level 1.7 Spellcasting
 - Level 3.6 Ice Magic


You had 3 spell levels left.
You knew the following spells:

 Your Spells              Type           Power      Damage    Failure   Level
a - Freeze                Ice            44%        1d6       5%          1

Your spell library contained the following spells:

 Spells                   Type           Power      Damage    Failure   Level
 Frozen Ramparts          Ice            22%        1d4       17%         3
 Ozocubu's Armour         Ice            11%        N/A       17%         3
 Summon Ice Beast         Ice/Summ       6%         N/A       75%         4


Dungeon Overview and Level Annotations

Branches:
Dungeon (2/15)

Shops:
D:1 *


Innate Abilities, Weirdness & Mutations

You are a tree.
Your roots penetrate the ground, keeping you stationary.
You cannot be teleported.
You are immune to unholy pain and torment.
Your maximum health is greatly increased.
Your equipment is partially melded.
You have an increased reservoir of magic. (+10% MP)
You shall have no god before yourself.
Your divine heritage dramatically boosts your attributes as you level up.


Message History

Casting: Freeze (safe; 96% risk of failure)
Confirm with . or Enter, or press ? or * to list all spells.
Aiming: Freeze (safe; 96% risk of failure)
Press: ? - help, Shift-Dir - straight line, f/p - endoplasm
Aim: an endoplasm You miscast Freeze.
Nothing appears to happen.
You feel sick. The adder barely misses you. The endoplasm freezes you.
You are frozen.
Unknown command.
Okay, then.
It was a potion of degeneration.
There was something very wrong with that liquid.
You feel weakened.
You feel dopey.
You feel clumsy.
You feel sick. The adder bites you but does no damage.
The endoplasm hits you but does no damage.
It was a potion of haste.
You feel yourself speed up.
You feel sick. The adder bites you but does no damage.
The endoplasm freezes you.
You are frozen.
* * * LOW HITPOINT WARNING * * *
The adder bites you but does no damage.
Unknown command.
It was a potion of cancellation.
Your magical effects are unravelling.
You feel magically purged.
You are contaminated with residual magic.
You feel yourself slow down.
You feel sick. The endoplasm hits you.
* * * LOW HITPOINT WARNING * * *
It was a potion of lignification.
You turn into a tree.
Your +0 chain mail melds into your body.
Your roots penetrate the ground.
You feel sick.
You are no longer poisoned.
The adder bites you.
* * * LOW HITPOINT WARNING * * *
The adder bites you but does no damage. The endoplasm freezes you.
You are frozen.
You die...

#.# #.# #.# #.# #.# #.# #.#
#.# #.# #.# ##.# #.#
...####.###
##..#.....########
#.............J♣#
#........####.#S#
######..## #.#.# ###
#####..#####.#.# #.#
#............#.# #.#
#.###+######)#.# #.#
#.###.# #.#.# #.#
#####.(.## #.#.# #.#
#.†..⌠.⌠.#####.#.#####.####


You could see an adder and an endoplasm.

Vanquished Creatures
  3 ball pythons (D:1)
  2 endoplasms (D:1)
  3 goblins (D:1)
  2 hobgoblins (D:1)
  2 frilled lizards (D:1)
  A kobold (D:1)
  6 rats (D:1)
19 creatures vanquished.

Notes
Turn   | Place    | Note
-------+----------+-------------------------------------------
     0 | D:1      | Amplified the Demigod Ice Elementalist began the quest for
                  | the Orb.
     0 | D:1      | Reached XP level 1. HP: 14/14 MP: 5/5
   389 | D:1      | Found Foxaf's General Store.
   460 | D:1      | Reached XP level 2. HP: 22/22 MP: 7/7
   521 | D:1      | Reached skill level 1 in Fighting
   663 | D:1      | Reached skill level 1 in Armour
   852 | D:1      | Frozen to death by an endoplasm

Illustrated notes

Levels and vault maps discovered:
D:1:      spicycebolla_arrival_xxxplode, layout_basic, serial_shops,
          nicolae_shop_rolling_square
D:2:      layout_basic, uniq_sigmund

Skill      XL: |  1  2 |
---------------+-------+-----
Fighting       | 1 |  1.1
Armour         | 1 |  1.0
Axes           | |  0.3
Maces & Flails | |  0.6
Dodging        | |  1.7
Stealth        | |  1.7
Spellcasting   | |  1.7
Ice Magic      | |  3.6

Action                     || total
---------------------------++-------
  Melee: Whip              ||    77
         Punch             ||     1
   Cast: Freeze            ||     2
    Use: Scroll            ||     1
         Potion            ||     4
   Stab: Sleeping          ||     1
 Armour: Chain mail        ||    65
         Robe              ||     4
         Skin              ||     2
  Dodge: Dodged            ||    33

Table legend: (Time is in decaauts)
 A = Elapsed time spent in this place.
 B = Non-inter-level travel time spent in this place.
 C = Inter-level travel time spent in this place.
 D = Time resting spent in this place.
 E = Time spent auto-exploring this place.
 F = Levels seen in this place.
 G = Mean time per level.
                   A        B        C        D        E       F      G
               +--------+--------+--------+--------+--------+-----+--------+
         Total |    857 |    808 |     49 |     44 |    564 |   2 |  428.5 |
       Dungeon |    857 |    808 |     49 |     44 |    564 |   2 |  428.5 |
               +--------+--------+--------+--------+--------+-----+--------+

Top non-repeatable levels by time:
     D:1: 851 daAuts
     D:2: 5 daAuts
